 Dungeon Crawl Stone Soup version 0.28.0-45-g0d030f2227 (webtiles) character file.

Game seed: 11272068307557216150

250 gohu the Chopper (level 6, 0/53 HPs)
             Began as a Hill Orc Fighter on May 29, 2022.
             Was an Initiate of Okawaru.
             Slain by a two-headed ogre
             ... wielding a +0 giant spiked club
              (10 damage)
             ... on level 6 of the Dungeon.
             The game lasted 00:04:37 (2745 turns).

gohu the Chopper (Hill Orc Fighter)                 Turns: 2745, Time: 00:04:38

Health: 0/53       AC: 13    Str: 21    XL:     6   Next: 13%
Magic:  6/6        EV:  5    Int:  8    God:    Okawaru [......]
Gold:   135        SH:  4    Dex: 10    Spells: 5/5 levels left

rFire   . . .      SeeInvis .   a - +0 war axe
rCold   . . .      Faith    .   c - +0 buckler
rNeg    . . .      Spirit   .   h - +0 plate armour
rPois   .          Reflect  .   n - +0 helmet
rElec   .          Harm     .   (no cloak)
rCorr   .          Rampage  .   (no gloves)
Will    .....                   (no boots)
Stlth   ..........              (no amulet)
HPRegen 0.17/turn               (no ring)
MPRegen 0.10/turn               (no ring)

@: no status effects
A: no striking features
a: Renounce Religion


You were on level 6 of the Dungeon.
You worshipped Okawaru.
Okawaru was noncommittal.
You visited 2 branches of the dungeon, and saw 6 of its levels.

You collected 135 gold pieces.

Inventory:

Hand Weapons
 a - a +0 war axe (weapon)
Armour
 b - a +0 scale mail
 c - a +0 buckler (worn)
 h - a +0 plate armour (worn)
 n - a +0 helmet (worn)
Scrolls
 d - a scroll of fear {unknown}
 g - a scroll of amnesia {unknown}
 j - a scroll of enchant weapon {unknown}
 k - 3 scrolls of identify {unknown}
 m - a scroll of brand weapon {unknown}
 p - a scroll of magic mapping {unknown}
 q - a scroll of enchant armour {unknown}
Potions
 e - 2 potions of lignification {unknown}
 f - 2 potions of heal wounds {unknown}
 i - a potion of berserk rage {unknown}
 l - a potion of degeneration {unknown}
 o - a potion of attraction {unknown}


   Skills:
 + Level 4.7 Fighting
 + Level 5.8 Axes
 + Level 4.4 Armour
 + Level 4.1 Shields


You had 5 spell levels left.
You didn't know any spells.
Your spell library contained the following spells:

 Spells                   Type           Power      Damage    Failure   Level
 Blink                    Tloc           0%         N/A       100%        2
 Manifold Assault         Tloc           0%         N/A       100%        5
 Storm Form               Tmut/Air       0%         N/A       100%        7


Dungeon Overview and Level Annotations

Branches:
Dungeon (6/15)             Temple (1/1) D:5

Altars:
Ashenzari
Cheibriados
Elyvilon
Fedhas
Gozag
Hepliaklqana
Kikubaaqudgha
Makhleb
Nemelex Xobeh
Okawaru
Qazlal
Ru
Sif Muna
Trog
Uskayaw
Vehumet
Wu Jian
Xom
Yredelemnul
Zin

Annotations:
D:5 Sigmund


Message History

In your confused state, you trip and fall down the stairs.
You climb downwards.
There is a stone staircase leading up here.
You bump into the rock wall.
You start resting.
You feel less confused.
Found 14 gold pieces.
You now have 130 gold pieces (gained 14).
You open the door.
Found a scroll labelled WEECIN BATEICH.
Found 5 gold pieces.
Found a war axe.
q - a scroll labelled WEECIN BATEICH You now have 135 gold pieces (gained 5).
Found a stone staircase leading down.
A two-headed ogre comes into view.
It is wielding a +0 giant spiked club and a +0 giant club.
The two-headed ogre shouts in stereo!
Something shouts, "Decamp, thou puny saucy cross-patch!"
A bullfrog zombie comes into view.
You hit the bullfrog zombie.
The bullfrog zombie is lightly damaged.
You block the bullfrog zombie's attack. The bullfrog zombie hits you.
You hit the bullfrog zombie.
The bullfrog zombie is moderately damaged.
The bullfrog zombie barely misses you.
You slash the bullfrog zombie!
The bullfrog zombie is severely damaged.
You slash the two-headed ogre! The bullfrog zombie hits you.
The two-headed ogre hits you with a +0 giant spiked club!!
The two-headed ogre hits you with a +0 giant club!
* * * LOW HITPOINT WARNING * * *
The bullfrog zombie barely misses you.
You hit the bullfrog zombie.
The bullfrog zombie is severely damaged.
You hit the two-headed ogre.
The bullfrog zombie hits you but does no damage.
The two-headed ogre hits you with a +0 giant spiked club.
* * * LOW HITPOINT WARNING * * *
The two-headed ogre hits you with a +0 giant club!
You die...

#. #O #.# ...
########### #..
#.........##### #>.
#.##.#....Z@O.#
...###.##.#.#..###.#
......O...#)#..# #.#
...###.##......# #.#
... #.##.#.#.####O#
#.# #........O....#
#. ####.##########
#+ ##.## ... #...###


You could see a two-headed ogre and a bullfrog zombie.

Vanquished Creatures
  An ogre (D:5)
  A scorpion (D:3)
  A hound (Temple)
  3 adders
  4 orcs (D:3)
  3 ball pythons (D:2)
  6 bats
  4 endoplasms
  3 giant cockroaches
  4 goblins
  4 hobgoblins
  4 kobolds
  3 quokkas
  3 rats (D:2)
44 creatures vanquished.

Notes
Turn   | Place    | Note
-------+----------+-------------------------------------------
     0 | D:1      | gohu the Hill Orc Fighter began the quest for the Orb.
     0 | D:1      | Reached XP level 1. HP: 19/19 MP: 1/1
   287 | D:1      | Reached XP level 2. HP: 25/27 MP: 2/2
   995 | D:2      | Reached skill level 3 in Axes
  1144 | D:2      | Reached XP level 3. HP: 32/33 MP: 3/3
  1303 | D:2      | Found a faded altar of an unknown god.
  1744 | D:3      | Reached XP level 4. HP: 40/40 MP: 4/4
  1871 | D:3      | Reached skill level 4 in Axes
  1882 | D:3      | Noticed a scorpion
  1902 | D:3      | Killed a scorpion
  1903 | D:3      | Reached XP level 5. HP: 31/47 MP: 5/5
  2164 | D:3      | You fall into a shaft and drop 2 floors!
  2164 | D:5      | Entered Level 5 of the Dungeon
  2216 | D:5      | Found a staircase to the Ecumenical Temple.
  2223 | D:5      | Noticed an ogre
  2225 | Temple   | Entered the Ecumenical Temple
  2229 | Temple   | Reached skill level 5 in Axes
  2469 | Temple   | Became a worshipper of Warmaster Okawaru
  2534 | D:5      | Killed an ogre
  2535 | D:5      | Reached XP level 6. HP: 32/53 MP: 6/6
  2666 | D:5      | Noticed Sigmund
  2718 | D:6      | Noticed a two-headed ogre
  2745 | D:6      | Slain by a two-headed ogre

Illustrated notes

Levels and vault maps discovered:
D:1:      amcnicky_arrival_gap_in_the_tavern_cellar, layout_basic
D:2:      layout_loops_cross, dreamdust_ecumenical_altar_statues
D:3:      layout_basic
D:5:      layout_basic, kennysheep_mini, minmay_temple_entry_sparse_star,
          hellmonk_ghost_happy_afterlife, kb_lookout_dungeons_type, uniq_pikel,
          uniq_sigmund
D:6:      layout_loops_corners, uniq_blork_the_orc
Temple:   mainiacjoe_temple_starburst

Skill      XL: |  1  2  3  4  5 |
---------------+----------------+-----
Axes           | 3 4 5 |  5.8
Fighting       | 4 |  4.7
Armour         | 4 |  4.4
Shields        | 4 |  4.1

Action                   |  1- 3 |  4- 6 || total
-------------------------+-------+-------++-------
Melee: War axe           |   111 |    39 ||   150
  Use: Potion            |       |     1 ||     1
Armor: Scale mail        |    12 |       ||    12
       Plate armour      |    81 |    25 ||   106
Dodge: Dodged            |    35 |     8 ||    43
Block: Buckler           |    28 |    11 ||    39
